 Dungeon Sprint DCSS version 0.22-a0-322-g60b3cfd402 (webtiles) character file.

21511 EstebanDeToledo the Gnoll Aeon (level 12, -7/103 HPs)
             Began as a Gnoll Skald on Apr 3, 2018.
             Was the Champion of Cheibriados.
             Mangled by a vampire knight
             ... wielding a +1 long sword
              (10 damage)
             ... in the Dungeon (Sprint IX: "|||||||||||||||||||||||||||||").
             The game lasted 00:05:49 (2606 turns).

EstebanDeToledo the Gnoll Aeon (Gnoll Skald)        Turns: 2606, Time: 00:05:50

Health: -7/103     AC: 24    Str: 33    XL:     12   Next: 90%
Magic:  5/37       EV: 22    Int: 40    God:    Cheibriados [******]
Gold:   419        SH:  0    Dex: 35    Spells: 31/36 levels left

rFire    . . .     SeeInvis .   D - +9 broad axe of Change {chop, rElec MP+9 Str+4 Int+4}
rCold    . . .     Gourm    .   (no shield)
rNeg     . . .     Faith    .   F - +2 plate armour
rPois    .         Spirit   .   n - +0 helmet
rElec    +         Reflect  .   y - +0 cloak
rCorr    .         Harm     .   E - +1 pair of gloves
MR       .....     NoTele   +   x - +0 pair of boots
Stlth    ++........             (no amulet)
HPRegen  0.27/turn              q - +3 ring of intelligence
MPRegen  0.25/turn              p - +3 ring of dexterity

@: very slow
A: distributed training, fangs 1, strong nose
a: Bend Time, Temporal Distortion, Slouch, Step From Time, Renounce Religion


You were in the Dungeon.
You worshipped Cheibriados.
Cheibriados was exalted by your worship.
You were near starving.

You visited 1 branch You collected 1922 gold pieces.
You spent 1503 gold pieces at shops.

Inventory:

Hand Weapons
 l - the +3 scimitar of Mapefipo {freeze, rN+ Str+2 Int-5 Dex+4}
   (You bought it in a shop in the Dungeon)

   It has been specially enchanted to freeze those struck by it, causing extra
   injury to most foes and up to half again as much damage against particularly
   susceptible opponents.
   It can also slow down cold-blooded creatures.
   It affects your strength (+2).
   It affects your intelligence (-5).
   It affects your dexterity (+4).
   It protects you from negative energy.
 m - a +2 dire flail of protection
 D - the +9 broad axe of Change (weapon) {chop, rElec MP+9 Str+4 Int+4}
   (You found it in the Dungeon)

   It inflicts extra damage upon your enemies.
   It affects your strength (+4).
   It affects your intelligence (+4).
   It insulates you from electricity.
   It affects your magic capacity (+9).
Armour
 b - a +0 plate armour
 n - a +0 helmet (worn)
 w - a +0 pair of gloves
 x - a +0 pair of boots (worn)
 y - a +0 cloak (worn)
 E - a +1 pair of gloves (worn)
 F - a +2 plate armour (worn)
Jewellery
 o - an uncursed ring of protection from magic
 p - a +3 ring of dexterity (right hand)
 q - a +3 ring of intelligence (left hand)
 A - an uncursed ring of ice
 B - an uncursed ring of fire
 C - an uncursed ring of ice
Wands
 a - a wand of polymorph (16)
Scrolls
 i - 3 scrolls of remove curse
 j - 2 scrolls of blinking
 k - 2 scrolls of amnesia
 s - a scroll of fear
 t - 3 scrolls of enchant weapon
 u - 11 scrolls of enchant armour
 v - a scroll of identify
 I - a scroll of fog
Potions
 c - a potion of invisibility
 e - 9 potions of curing
 f - 7 potions of heal wounds
 g - 2 potions of haste
 h - 5 potions of magic
 r - a potion of agility
 G - a potion of brilliance
 H - a potion of might
Miscellaneous
 z - a lamp of fire
Comestibles
 d - 12 rations


   Skills:
 + Level 12.7 Fighting
 + Level 12.0 Short Blades
 + Level 12.0 Long Blades
 + Level 12.0 Axes
 + Level 12.7 Maces & Flails
 + Level 12.0 Polearms
 + Level 12.0 Staves
 + Level 12.0 Slings
 + Level 12.0 Bows
 + Level 12.0 Crossbows
 + Level 12.0 Throwing
 + Level 12.2 Armour
 + Level 12.7 Dodging
 + Level 12.0 Stealth
 + Level 12.0 Shields
 + Level 12.0 Unarmed Combat
 + Level 12.8 Spellcasting
 + Level 10.2 Conjurations
 + Level 10.2 Hexes
 + Level 11.5 Charms
 + Level 10.2 Summonings
 + Level 10.2 Necromancy
 + Level 10.2 Translocations
 + Level 10.2 Transmutations
 + Level 10.2 Fire Magic
 + Level 10.2 Ice Magic
 + Level 10.2 Air Magic
 + Level 10.2 Earth Magic
 + Level 10.2 Poison Magic
 + Level 12.9 Invocations
 + Level 12.0 Evocations


You had 31 spell levels left.
You knew the following spells:

 Your Spells              Type           Power        Failure   Level  Hunger
a - Infusion              Chrm           ####         1%          1    None
b - Song of Slaying       Chrm           #######.     1%          2    None
c - Shroud of Golubria    Chrm/Tloc      #######...   1%          2    None


Dungeon Overview and Level Annotations

Branches:
Dungeon (1/1)

Altars:
Cheibriados
Dithmenos
Elyvilon
Fedhas
Gozag
Hepliaklqana
Kikubaaqudgha
Makhleb
Nemelex Xobeh
Okawaru
Qazlal
Ru
Sif Muna
Trog
Uskayaw
Vehumet
Wu Jian
Xom
Yredelemnul
Zin
The Shining One
Beogh
Jiyva
Lugonu

Shops:
D (?(*


Innate Abilities, Weirdness & Mutations

Your experience applies equally to all skills.
You have very sharp teeth.
Your uncanny sense of smell can sniff out nearby items.


Message History

Your Slings skill increases to level 12!
Your Bows skill increases to level 12!
Your Crossbows skill increases to level 12!
Your Throwing skill increases to level 12!
Your Stealth skill increases to level 12!
Your Shields skill increases to level 12!
Your Unarmed Combat skill increases to level 12!
Your Evocations skill increases to level 12!
You feel somewhat more hungry.
The tengu conjurer gestures wildly while chanting.
The tengu conjurer conjures a globe of magical energy!
Unholy energy fills the air.
* * * LOW HITPOINT WARNING * * *
A battlesphere comes into view.
You can feel time thicken for a moment.
You kill the tengu conjurer!
Cheibriados thoroughly appreciates the change of pace.
You destroy the battlesphere!
You feel somewhat more hungry. Something hits you!
You die...

▓.▓.▓'▓.▓.▓.▓_▓
▓.▓.▓[▓.▓'▓.▓'▓
▓)▓.▓†▓.▓÷▓.▓.▓
▓.▓)▓[▓.▓÷▓.▓.▓
▓.▓.▓.▓.▓÷▓.▓|▓
▓†▓)▓.▓.▓.▓.▓)▓
▓.▓.▓∩▓.▓.▓.▓.▓
▓†▓.▓.▓.▓.▓.▓[▓
▓@▓.▓∩▓.▓.▓.▓.▓
▓D▓.▓[▓.▓.▓.▓.▓
▓.▓.▓∩▓.▓.▓.▓.▓
▓.▓.▓.▓.▓.▓.▓)▓
▓.▓.▓∩▓.▓.▓.▓.▓
▓[▓.▓.▓.▓.▓.▓†▓
▓.▓.▓.▓.▓'▓.▓(▓
▓§▓.▓.▓.▓.▓.▓.▓
▓.▓.▓.▓.▓.▓.▓


You could see a fire dragon.

Vanquished Creatures
  3 dire elephants (D)
  2 ogre magi (D)
  A great orb of eyes (D)
  Erica (D)
  A rakshasa (D)
  2 centaur warriors (D)
  Sonja (D)
  An iron troll (D)
  6 deep trolls (D)
  An ugly thing (D)
  An orc knight (D)
  5 elephants (D)
  A black mamba (D)
  3 spiny frogs (D)
  2 komodo dragons (D)
  An efreet (D)
  A tengu conjurer (D)
  A rime drake (D)
  A polar bear (D)
  A meliai (shapeshifter) (D)
  5 trolls (D)
  A blink frog (D)
  A vampire (D)
  A wraith (D)
  A yak (D)
  Eustachio (D)
  A hungry ghost (D)
  Grum (D)
  A water moccasin (D)
  A soldier ant (D)
  4 porcupines (D)
  7 orc warriors (D)
  A sky beast (D)
  A black bear (D)
  An ogre (D)
  3 wolves (D)
  2 crocodiles (D)
  3 bullfrogs (D)
  A scorpion (D)
  A wight (D)
  A crimson imp (D)
  A hound (D)
  3 orc priests (D)
  7 orc wizards (D)
  3 worker ants (D)
  2 adders (D)
  An adder skeleton (D)
  A leopard gecko (D)
  8 orcs (D)
  A ball python (D)
  2 kobolds (D)
  A quokka (D)
  A bat (D)
106 creatures vanquished.

Vanquished Creatures (others)
  A spatial maelstrom (D)
1 creature vanquished.

Grand Total: 107 creatures vanquished

Notes
Turn   | Place    | Note
-------+----------+-------------------------------------------
     0 | D        | EstebanDeToledo the Gnoll Skald began the quest for the Orb.
     0 | D        | Reached XP level 1. HP: 20/20 MP: 6/6
     1 | D        | Banished a spatial maelstrom
    12 | D        | Reached skill level 5 in Spellcasting
    13 | D        | Reached skill level 1 in Invocations
    18 | D        | Reached skill level 1 in Short Blades
    18 | D        | Reached skill level 1 in Long Blades
    18 | D        | Reached skill level 1 in Axes
    18 | D        | Reached skill level 1 in Polearms
    18 | D        | Reached skill level 1 in Staves
    18 | D        | Reached skill level 1 in Slings
    18 | D        | Reached skill level 1 in Bows
    18 | D        | Reached skill level 1 in Crossbows
    18 | D        | Reached skill level 1 in Throwing
    18 | D        | Reached skill level 1 in Stealth
    18 | D        | Reached skill level 1 in Shields
    18 | D        | Reached skill level 1 in Unarmed Combat
    18 | D        | Reached skill level 1 in Evocations
    18 | D        | Reached XP level 2. HP: 19/26 MP: 8/8
   100 | D        | Learned a level 2 spell: Song of Slaying
   103 | D        | Learned a level 2 spell: Shroud of Golubria
   107 | D        | Noticed a sky beast
   107 | D        | Noticed an ogre
   118 | D        | Reached skill level 1 in Conjurations
   118 | D        | Reached skill level 1 in Hexes
   118 | D        | Reached skill level 1 in Summonings
   118 | D        | Reached skill level 1 in Necromancy
   118 | D        | Reached skill level 1 in Translocations
   118 | D        | Reached skill level 1 in Transmutations
   118 | D        | Reached skill level 1 in Fire Magic
   118 | D        | Reached skill level 1 in Ice Magic
   118 | D        | Reached skill level 1 in Air Magic
   118 | D        | Reached skill level 1 in Earth Magic
   118 | D        | Reached skill level 1 in Poison Magic
   125 | D        | Killed a sky beast
   125 | D        | Reached skill level 5 in Fighting
   125 | D        | Reached skill level 5 in Maces & Flails
   125 | D        | Reached skill level 5 in Dodging
   125 | D        | Reached XP level 3. HP: 33/33 MP: 3/10
   125 | D        | Reached XP level 4. HP: 39/39 MP: 3/11
   128 | D        | Killed an ogre
   128 | D        | Reached XP level 5. HP: 46/46 MP: 2/13
   373 | D        | Found a roughly hewn altar of Beogh.
   373 | D        | Found a snail-covered altar of Cheibriados.
   373 | D        | Found a shadowy altar of Dithmenos.
   373 | D        | Found a white marble altar of Elyvilon.
   373 | D        | Found a blossoming altar of Fedhas.
   373 | D        | Found an opulent altar of Gozag.
   374 | D        | Found a hazy altar of Hepliaklqana.
   375 | D        | Found a viscous altar of Jiyva.
   376 | D        | Found an ancient bone altar of Kikubaaqudgha.
   377 | D        | Became a worshipper of Cheibriados the Contemplative
   378 | D        | Found a corrupted altar of Lugonu.
   379 | D        | Found a burning altar of Makhleb.
   380 | D        | Found a sparkling altar of Nemelex Xobeh.
   381 | D        | Found an iron altar of Okawaru.
   382 | D        | Found a stormy altar of Qazlal.
   383 | D        | Found a sacrificial altar of Ru.
   384 | D        | Found a deep blue altar of Sif Muna.
   385 | D        | Found a bloodstained altar of Trog.
   386 | D        | Found a hide-covered altar of Uskayaw.
   387 | D        | Found a radiant altar of Vehumet.
   388 | D        | Found an ornate altar of the Wu Jian Council.
   389 | D        | Found a shimmering altar of Xom.
   390 | D        | Found a basalt altar of Yredelemnul.
   391 | D        | Found a glowing silver altar of Zin.
   392 | D        | Found a glowing golden altar of the Shining One.
   437 | D        | Noticed a soldier ant
   442 | D        | Reached skill level 5 in Armour
   442 | D        | Reached XP level 6. HP: 51/52 MP: 13/15
   442 | D        | Reached * piety under Cheibriados
   443 | D        | Reached ** piety under Cheibriados
   443 | D        | Reached skill level 5 in Invocations
   453 | D        | Killed a soldier ant
   453 | D        | Reached skill level 5 in Short Blades
   453 | D        | Reached skill level 5 in Long Blades
   453 | D        | Reached skill level 5 in Axes
   453 | D        | Reached skill level 5 in Polearms
   453 | D        | Reached skill level 5 in Staves
   453 | D        | Reached skill level 5 in Slings
   453 | D        | Reached skill level 5 in Bows
   453 | D        | Reached skill level 5 in Crossbows
   453 | D        | Reached skill level 5 in Throwing
   453 | D        | Reached skill level 5 in Stealth
   453 | D        | Reached skill level 5 in Shields
   453 | D        | Reached skill level 5 in Unarmed Combat
   453 | D        | Reached skill level 5 in Evocations
   453 | D        | Reached XP level 7. HP: 59/59 MP: 14/17
   467 | D        | Noticed a centaur warrior
   467 | D        | Noticed a wraith
   468 | D        | Reached *** piety under Cheibriados
   468 | D        | Reached **** piety under Cheibriados
   475 | D        | Killed a centaur warrior
   475 | D        | Reached skill level 5 in Conjurations
   475 | D        | Reached skill level 5 in Hexes
   475 | D        | Reached skill level 5 in Summonings
   475 | D        | Reached skill level 5 in Necromancy
   475 | D        | Reached skill level 5 in Translocations
   475 | D        | Reached skill level 5 in Transmutations
   475 | D        | Reached skill level 5 in Fire Magic
   475 | D        | Reached skill level 5 in Ice Magic
   475 | D        | Reached skill level 5 in Air Magic
   475 | D        | Reached skill level 5 in Earth Magic
   475 | D        | Reached skill level 5 in Poison Magic
   475 | D        | Reached XP level 8. HP: 35/68 MP: 18/20
   477 | D        | Killed a wraith
   477 | D        | Reached ***** piety under Cheibriados
   732 | D        | Noticed a spiny frog
   732 | D        | Noticed a spiny frog
   732 | D        | Noticed a komodo dragon
   734 | D        | Killed a spiny frog
   734 | D        | Reached XP level 9. HP: 72/75 MP: 15/21
   736 | D        | Killed a spiny frog
   739 | D        | Noticed a komodo dragon
   739 | D        | Killed a komodo dragon
   745 | D        | Killed a komodo dragon
   745 | D        | Reached ****** piety under Cheibriados
  1001 | D        | Noticed a black mamba
  1001 | D        | Noticed a rime drake
  1003 | D        | Killed a black mamba
  1003 | D        | Reached XP level 10. HP: 83/83 MP: 23/23
  1007 | D        | Noticed a spiny frog
  1013 | D        | Reached skill level 10 in Spellcasting
  1020 | D        | Killed a spiny frog
  1110 | D        | Noticed an elephant
  1110 | D        | Noticed a dire elephant
  1110 | D        | Noticed a dire elephant
  1110 | D        | Noticed an elephant
  1110 | D        | Noticed an elephant
  1110 | D        | Noticed an elephant
  1111 | D        | Noticed a dire elephant
  1115 | D        | Killed an elephant
  1115 | D        | Reached skill level 10 in Fighting
  1115 | D        | Reached skill level 10 in Maces & Flails
  1115 | D        | Reached skill level 10 in Dodging
  1115 | D        | Killed an elephant
  1115 | D        | Killed an elephant
  1115 | D        | Reached skill level 10 in Invocations
  1117 | D        | Killed a dire elephant
  1118 | D        | Killed a dire elephant
  1118 | D        | Reached skill level 10 in Armour
  1118 | D        | Reached XP level 11. HP: 34/92 MP: 5/25
  1119 | D        | Killed a dire elephant
  1119 | D        | Reached skill level 10 in Charms
  1127 | D        | Reached skill level 10 in Short Blades
  1127 | D        | Reached skill level 10 in Long Blades
  1127 | D        | Reached skill level 10 in Axes
  1127 | D        | Reached skill level 10 in Polearms
  1127 | D        | Reached skill level 10 in Staves
  1127 | D        | Reached skill level 10 in Slings
  1127 | D        | Reached skill level 10 in Bows
  1127 | D        | Reached skill level 10 in Crossbows
  1127 | D        | Reached skill level 10 in Throwing
  1127 | D        | Reached skill level 10 in Stealth
  1127 | D        | Reached skill level 10 in Shields
  1127 | D        | Reached skill level 10 in Unarmed Combat
  1127 | D        | Reached skill level 10 in Evocations
  1555 | D        | Noticed Eustachio
  1592 | D        | Killed Eustachio
  1777 | D        | Noticed Sonja
  1781 | D        | Killed Sonja
  1914 | D        | Noticed an orc knight
  1918 | D        | Killed an orc knight
  1965 | D        | Found Qiublatt's Antique Weapon Emporium.
  1965 | D        | Noticed a deep troll
  1965 | D        | Noticed a deep troll
  1965 | D        | Noticed a deep troll
  1965 | D        | Noticed a deep troll
  1966 | D        | Noticed a deep troll
  1968 | D        | Noticed an ogre mage
  1970 | D        | Killed a deep troll
  1970 | D        | Killed a deep troll
  1970 | D        | Killed a deep troll
  1971 | D        | Killed a deep troll
  1971 | D        | Reached XP level 12. HP: 98/101 MP: 8/27
  1973 | D        | Found Jeafruph's Magic Scroll Shoppe.
  1978 | D        | Killed an ogre mage
  1983 | D        | Found Nieval's Antique Weapon Emporium.
  1987 | D        | Found Yty Corph's Assorted Antiques.
  2000 | D        | Noticed an iron troll
  2014 | D        | Killed an iron troll
  2074 | D        | Bought a scroll of enchant weapon for 97 gold pieces
  2074 | D        | Bought a scroll of enchant armour for 97 gold pieces
  2076 | D        | Bought a blackened scimitar for 189 gold pieces
  2082 | D        | Bought a lamp of fire for 1120 gold pieces
  2082 | D        | Identified the cursed +3 scimitar of Mapefipo {freeze, rN+ Str+2 Int-5 Dex+4} (You bought it in a shop in the Dungeon)
  2117 | D        | Noticed Erica
  2122 | D        | Killed Erica
  2126 | D        | Noticed Grum
  2135 | D        | Killed Grum
  2488 | D        | Got the +9 broad axe of Change {chop, rElec MP+9 Str+4 Int+4}
  2581 | D        | Noticed a centaur warrior
  2584 | D        | Killed a centaur warrior
  2585 | D        | Reached skill level 10 in Conjurations
  2585 | D        | Reached skill level 10 in Hexes
  2585 | D        | Reached skill level 10 in Summonings
  2585 | D        | Reached skill level 10 in Necromancy
  2585 | D        | Reached skill level 10 in Translocations
  2585 | D        | Reached skill level 10 in Transmutations
  2585 | D        | Reached skill level 10 in Fire Magic
  2585 | D        | Reached skill level 10 in Ice Magic
  2585 | D        | Reached skill level 10 in Air Magic
  2585 | D        | Reached skill level 10 in Earth Magic
  2585 | D        | Reached skill level 10 in Poison Magic
  2591 | D        | Noticed a great orb of eyes
  2592 | D        | Noticed an ogre mage
  2592 | D        | Paralysed by a great orb of eyes for 4 turns
  2595 | D        | Noticed a vampire knight
  2596 | D        | Killed a great orb of eyes
  2597 | D        | Noticed a rakshasa
  2599 | D        | Killed an ogre mage
  2600 | D        | Noticed a fire dragon
  2605 | D        | Killed a rakshasa
  2605 | D        | HP: 3/103 [something/vampiric draining (19)]
  2606 | D        | Mangled by a vampire knight

Vault maps used:
D:        linesprint

Skill      XL: |  1  2  3  4  5  6  7  8  9 10 11 12 |
---------------+-------------------------------------+-----
Spellcasting   | 5 6 7 8 9 10 11 12 | 12.8
Invocations    | 1 3 4 5 7 9 10 11 12 | 12.9
Short Blades   | 1 2 3 4 5 6 7 8 9 10 12 | 12.0
Long Blades    | 1 2 3 4 5 6 7 8 9 10 12 | 12.0
Axes           | 1 2 3 4 5 6 7 8 9 10 12 | 12.0
Polearms       | 1 2 3 4 5 6 7 8 9 10 12 | 12.0
Staves         | 1 2 3 4 5 6 7 8 9 10 12 | 12.0
Slings         | 1 2 3 4 5 6 7 8 9 10 12 | 12.0
Bows           | 1 2 3 4 5 6 7 8 9 10 12 | 12.0
Crossbows      | 1 2 3 4 5 6 7 8 9 10 12 | 12.0
Throwing       | 1 2 3 4 5 6 7 8 9 10 12 | 12.0
Stealth        | 1 2 3 4 5 6 7 8 9 10 12 | 12.0
Shields        | 1 2 3 4 5 6 7 8 9 10 12 | 12.0
Unarmed Combat | 1 2 3 4 5 6 7 8 9 10 12 | 12.0
Evocations     | 1 2 3 4 5 6 7 8 9 10 12 | 12.0
Conjurations   | 2 3 4 5 6 8 9 10 | 10.2
Hexes          | 2 3 4 5 6 8 9 10 | 10.2
Summonings     | 2 3 4 5 6 8 9 10 | 10.2
Necromancy     | 2 3 4 5 6 8 9 10 | 10.2
Translocations | 2 3 4 5 6 8 9 10 | 10.2
Transmutations | 2 3 4 5 6 8 9 10 | 10.2
Fire Magic     | 2 3 4 5 6 8 9 10 | 10.2
Ice Magic      | 2 3 4 5 6 8 9 10 | 10.2
Air Magic      | 2 3 4 5 6 8 9 10 | 10.2
Earth Magic    | 2 3 4 5 6 8 9 10 | 10.2
Poison Magic   | 2 3 4 5 6 8 9 10 | 10.2
Fighting       | 5 6 8 9 10 11 12 | 12.7
Maces & Flails | 5 6 8 9 10 11 12 | 12.7
Armour         | 3 4 5 7 8 10 11 12 | 12.2
Dodging        | 5 6 8 9 10 11 12 | 12.7
Charms         | 6 7 8 9 10 11 | 11.5

Action                   |  1- 3 |  4- 6 |  7- 9 | 10-12 || total
-------------------------+-------+-------+-------+-------++-------
Melee: Mace              |    30 |    12 |       |       ||    42
       Bite              |     4 |     8 |     4 |    26 ||    42
       Dire flail        |       |    13 |    19 |   108 ||   140
       Unarmed           |       |       |       |     1 ||     1
       Scimitar          |       |       |       |    16 ||    16
       Broad axe         |       |       |       |     7 ||     7
       Punch             |       |       |       |     2 ||     2
 Cast: Infusion          |     1 |       |       |       ||     1
Invok: Slouch            |       |       |     2 |    28 ||    30
Evoke: Wand              |       |     2 |     2 |     6 ||    10
  Use: Potion            |     1 |       |       |       ||     1
       Scroll            |       |       |       |     1 ||     1
  Eat: Chunk             |       |       |       |     5 ||     5
Armor: Leather armour    |     8 |     1 |       |       ||     9
       Chain mail        |       |     8 |    13 |    19 ||    40
       Plate armour      |       |       |       |    30 ||    30
       Skin              |       |       |       |     1 ||     1
Dodge: Dodged            |    20 |    17 |     7 |   119 ||   163
       Rpst.: Scimitar   |       |       |       |     4 ||     4

Table legend:
 A = Spawn XP
 B = Non-spawn XP
 C = Spawn XP percentage of total XP
 D = Spawn monster count
 E = Non-spawn monster count
 F = Spawn count percentage of total count
 G = Total turns spent on level
                    A         B        C        D         E        F      G
               +---------+---------+-------+---------+---------+-------+---------
         Total |       0 |   30730 |   0.0 |       0 |     106 |   0.0 |  2606
               +---------+---------+-------+---------+---------+-------+---------
             D |       0 |   30730 |   0.0 |       0 |     106 |   0.0 |  2606
               +---------+---------+-------+---------+---------+-------+---------
